 Dungeon Crawl Stone Soup version 0.26.1-2-gb8aa6d0 (webtiles) character file.

Game seed: 8427684372123213997

177 Minkie the Gusty (level 5, -7/28 HPs)
             Began as a Tengu Air Elementalist on Apr 1, 2021.
             Shot with an arrow by a centaur (13 damage)
             ... on level 4 of the Dungeon.
             The game lasted 00:18:26 (4062 turns).

Minkie the Gusty (Tengu Air Elementalist)           Turns: 4062, Time: 00:18:27

Health: -7/28      AC:  2    Str:  9    XL:     5   Next: 57%
Magic:  8/11       EV: 15    Int: 16    God:
Gold:   93         SH:  0    Dex: 14    Spells: 7/10 levels left

rFire    . . .     SeeInvis .   h - +0 spear (venom)
rCold    + . .     Faith    .   (no shield)
rNeg     . . .     Spirit   .   a - +0 robe
rPois    .         Reflect  .   (helmet restricted)
rElec    .         Harm     .   (no cloak)
rCorr    .         Rampage  .   (no gloves)
Will     .....                  (boots unavailable)
Stlth    ++........             (no amulet)
HPRegen  0.09/turn              l - ring of protection from fire
MPRegen  0.12/turn              q - ring of ice

@: flying quickly and evasively, quick
A: beak, talons 3, able to fly
a: Stop Flying


You were on level 4 of the Dungeon.
You visited 1 branch of the dungeon, and saw 4 of its levels.

You collected 93 gold pieces.

Inventory:

Hand Weapons
 h - a +0 spear of venom (weapon)
Armour
 a - a +0 robe (worn)
 j - a +0 kite shield
Jewellery
 l - a ring of protection from fire (left hand)
 q - a ring of ice (right hand)
Wands
 r - a wand of disintegration (5)
Scrolls
 c - 2 scrolls of amnesia {unknown}
 f - 4 scrolls of remove curse {unknown}
 g - 7 scrolls of identify {unknown}
 i - a scroll of magic mapping {unknown}
 n - a scroll of fear {unknown}
 p - 2 scrolls of enchant armour {unknown}
 t - a scroll of enchant weapon {unknown}
 u - a scroll of immolation {unknown}
Potions
 b - a potion of attraction {unknown}
 d - 2 potions of might {unknown}
 e - a potion of resistance {unknown}
 k - a potion of lignification {unknown}
 m - 3 potions of heal wounds {unknown}
 o - 2 potions of mutation {unknown}
 s - a potion of cancellation {unknown}
 v - a potion of curing {unknown}


   Skills:
 - Level 2.1 Dodging
 - Level 2.0 Stealth
 + Level 3.3 Spellcasting
 + Level 4.1 Conjurations
 + Level 5.6 Air Magic


You had 7 spell levels left.
You knew the following spells:

 Your Spells              Type           Power        Failure   Level
a - Shock                 Conj/Air       72%          2%          1
b - Swiftness             Air            20%          2%          2

Your spell library contained the following spells:

 Spells                   Type           Power        Failure   Level
 Static Discharge         Conj/Air       18%          8%          3
 Airstrike                Air            10%          19%         4
 Lightning Bolt           Conj/Air       9%           56%         5


Dungeon Overview and Level Annotations

Branches:
Dungeon (4/15)
 Temple: D:4-7

Altars:
Dithmenos
Elyvilon
Gozag
Qazlal
Wu Jian
The Shining One


Innate Abilities, Weirdness & Mutations

You have a beak for a mouth.
You have claws for feet.
You can fly continuously.


Message History

You kill the orc!
The zap hits the orc!
You kill the orc!
Your magical contamination has completely faded away.
The centaur shouts!
The centaur wields a +0 shortbow.
The centaur shoots an arrow.
The arrow hits you!
Items here: ( ) ? †.
Aiming: Shock (safe; 2% risk of failure)
Press: ? - help, Q - select action, (/) - cycle Shift-Dir - straight line, f - centaur
Aim: a centaur, wielding a +0 shortbow and quivering 28 arrows (17% to evade)
The zap hits the centaur.
The centaur is lightly wounded.
The centaur shoots an arrow.
The arrow hits you!
Ouch! That really hurt!
* * * LOW HITPOINT WARNING * * *
Unknown command.
The centaur shoots an arrow.
The arrow closely misses you.
The centaur shoots an arrow.
The arrow hits you!
You die...

#!.# ##..#.## ... ......##
# ..# #....... .. #.#
#.....##.# #.#
#####........ #<#
....."....# #.#####
#..<..##
.######.#...####..).....<.
.........@.....c.###......
#######.#.(.####.# ######
#.##### #.# #........ .#
######### ##


You could see a centaur.

Vanquished Creatures
  7 adders
  3 worms (D:2)
  3 dart slugs
  4 leopard geckos
  4 orcs
  4 giant cockroaches
  8 hobgoblins
  7 jackals
  9 kobolds
  2 quokkas
  3 ball pythons (D:2)
  14 bats
  4 frilled lizards
  11 goblins
  8 rats
91 creatures vanquished.

Notes
Turn   | Place    | Note
-------+----------+-------------------------------------------
     0 | D:1      | Minkie the Tengu Air Elementalist began the quest for the
                  | Orb.
     0 | D:1      | Reached XP level 1. HP: 10/10 MP: 4/4
   356 | D:1      | Reached XP level 2. HP: 12/15 MP: 3/6
   782 | D:1      | Reached XP level 3. HP: 19/19 MP: 5/7
  1038 | D:2      | Found a faded altar of an unknown god.
  1132 | D:2      | Learned a level 2 spell: Swiftness
  1219 | D:2      | Found an ornate altar of the Wu Jian Council.
  1283 | D:2      | Found a shadowy altar of Dithmenos.
  1293 | D:2      | Noticed a water elemental
  1296 | D:2      | Noticed a fire elemental
  1299 | D:2      | Found a stormy altar of Qazlal.
  1300 | D:2      | Noticed an air elemental
  1300 | D:2      | Noticed an earth elemental
  1638 | D:2      | Reached XP level 4. HP: 24/24 MP: 7/9
  1858 | D:2      | Reached skill level 5 in Air Magic
  2618 | D:2      | Found a glowing golden altar of the Shining One.
  2725 | D:3      | Found an opulent altar of Gozag.
  2776 | D:3      | Gained mutation: You can fly continuously. [Tengu growth]
  2776 | D:3      | Reached XP level 5. HP: 28/28 MP: 5/10
  2835 | D:3      | Found a white marble altar of Elyvilon.
  4021 | D:4      | Noticed a centaur
  4062 | D:4      | Shot with an arrow by a centaur

Illustrated notes

Levels and vault maps discovered:
D:1:      sevenhm_arrival_forest_fort_small_3, layout_rooms, st_stairs_14,
          supply_closet_lemuel
D:2:      wad_river_or_something, layout_basic,
          grunt_dithmenos_smoke_and_mirrors, nicolae_overflow_hidden_temple,
          pdpol_wu_jian_five_deadly_venoms, chequers_ecumenical_altar_simple,
          nicolae_qazlal_style_of_elements
D:3:      layout_basic, elyvilon_altar_5, overflow_temple_1_default,
          minmay_misc_feat_tower, grunt_ministairs_7
D:4:      layout_loops_ring, lemuel_coloured_pillars_altar,
          portal_sewer_entry_b, uniq_crazy_yiuf_cottage

Skill      XL: |  1  2  3  4  5 |
---------------+----------------+-----
Conjurations   | 2 3 4 |  4.1
Air Magic      | 5 |  5.6
Spellcasting   | 3 |  3.3
Dodging        | |  2.1
Stealth        | |  2.0

Action                   |  1- 3 |  4- 6 || total
-------------------------+-------+-------++-------
Melee: Dagger            |     3 |       ||     3
       Spear             |     2 |    50 ||    52
       Kick              |       |     6 ||     6
       Peck              |       |     1 ||     1
 Cast: Shock             |    64 |    76 ||   140
       Swiftness         |       |     1 ||     1
 Abil: Fly               |       |     1 ||     1
 Stab: Sleeping          |       |     5 ||     5
Armor: Robe              |     4 |     8 ||    12
Dodge: Dodged            |    11 |    45 ||    56
